General information
- name: BNet
- type: Ladder 1vs1/FFA
- host: Battle.net
- saver: Boogaloo_Shrimp
map: CentaurGrove
- players: 2
- length: 32:44
- speed: Fast
- version: 1.26 W3XP
- replay type: Public
» download(98 KB)
Players
team 1 (loser)

»
ssannttoss (
orange | 46 APM | 1500 actions | 32:40)
3 Archmage
2 Summon Water Elemental
1 Brilliance Aura
4 Mountain King
2 Storm Bolt
2 Thunder Clap
» actions
| Assign group hotkey | 30 | |
| Basic commands | 63 | |
| Build / train | 76 | |
| ESC pressed | 5 | |
| Enter build submenu | 40 | |
| Enter hero's abilities submenu | 7 | |
| Give item / drop item | 9 | |
| Remove unit from queue | 1 | |
| Right click | 493 | |
| Select / deselect | 426 | |
| Select group hotkey | 244 | |
| Use ability | 106 | |
1500 total
» units
| Peasant | 11 | |
| Footman | 4 | |
| Rifleman | 7 | |
| Harpy Rogue | 1 | |
| Harpy Windwitch | 1 | |
| Razormane Medicine Man | 2 | |
| Centaur Outrunner | 1 | |
| Sorceress | 2 | |
| Gryphon Rider | 7 | |
| Dragonhawk Rider | 1 | |
37 total
» upgrades
| Masonry | 3 | |
| Swords | 1 | |
| Armor | 1 | |
| Gunpowder | 1 | |
| Storm Hammers | 1 | |
| Lumber Harvesting | 1 | |
| Magic Sentry | 1 | |
| Sorceress Training | 1 | |
| Cloud | 1 | |
11 total
» buildings
| Farm | 11 | |
| Barracks | 1 | |
| Altar of Kings | 1 | |
| Blacksmith | 1 | |
| Scout Tower | 15 | |
| Arcane Tower | 3 | |
| Lumber Mill | 1 | |
| Guard Tower | 9 | |
| Keep | 1 | |
| Arcane Sanctum | 2 | |
| Gryphon Aviary | 2 | |
| Arcane Vault | 1 | |
| Castle | 1 | |
49 total
» build order
00:12 Farm
00:18 Barracks
00:35 Altar of Kings
00:43 Farm
01:43 Blacksmith
02:00 Farm
03:12 Scout Tower
03:23 Scout Tower
03:51 Arcane Tower
04:04 Farm
04:34 Scout Tower
04:58 Lumber Mill
05:51 Farm
06:31 Guard Tower
06:48 Keep
07:39 Scout Tower
08:20 Guard Tower
08:24 Scout Tower
09:08 Farm
09:10 Guard Tower
09:15 Arcane Sanctum
10:51 Gryphon Aviary
10:57 Scout Tower
11:01 Scout Tower
11:08 Scout Tower
11:12 Arcane Vault
11:28 Guard Tower
11:34 Guard Tower
11:52 Scout Tower
11:55 Guard Tower
12:00 Farm
13:08 Guard Tower
13:12 Scout Tower
13:24 Scout Tower
13:47 Arcane Tower
13:57 Arcane Tower
14:15 Castle
15:02 Farm
16:20 Arcane Sanctum
17:21 Gryphon Aviary
19:15 Scout Tower
19:15 Scout Tower
19:17 Scout Tower
19:58 Farm
19:58 Farm
20:40 Guard Tower
22:05 Farm
22:11 Scout Tower
22:48 Guard Tower
» items
| Scroll of Regeneration | 1 | |
| Potion of Healing | 1 | |
| Potion of Mana | 1 | |
| Potion of Lesser Invulnerability | 1 | |
4 total
team 2 (winner)
Boogaloo_Shrimp (
red | 81 APM | 2643 actions | 32:44)
8 Blademaster
3 Wind Walk
3 Critical Strike
1 Bladestorm
1 Mirror Image
5 Goblin Alchemist
3 Acid Bomb
2 Chemical Rage
» actions
| Assign group hotkey | 60 | |
| Basic commands | 43 | |
| Build / train | 114 | |
| ESC pressed | 4 | |
| Enter build submenu | 42 | |
| Enter hero's abilities submenu | 13 | |
| Give item / drop item | 13 | |
| Right click | 1312 | |
| Select / deselect | 449 | |
| Select group hotkey | 386 | |
| Use ability | 207 | |
2643 total
» units
| Peon | 12 | |
| Wind Rider | 7 | |
| Troll Batrider | 14 | |
| Goblin Shredder | 1 | |
34 total
» upgrades
| Ranged Weapons | 3 | |
| Liquid Fire | 1 | |
| Reinforced Defenses | 1 | |
| Envenomed Spears | 1 | |
| Ensnare | 1 | |
| Armor | 3 | |
10 total
» buildings
| Altar of Storms | 1 | |
| Orc Burrow | 7 | |
| Voodoo Lounge | 2 | |
| War Mill | 1 | |
| Stronghold | 1 | |
| Watch Tower | 24 | |
| Beastiary | 3 | |
| Fortress | 1 | |
| Great Hall | 2 | |
| Barracks | 1 | |
43 total
» build order
00:09 Altar of Storms
00:19 Orc Burrow
00:59 Voodoo Lounge
01:30 Orc Burrow
01:53 War Mill
03:12 Stronghold
03:32 Watch Tower
03:33 Watch Tower
05:04 Watch Tower
05:07 Orc Burrow
05:35 Beastiary
05:38 Beastiary
05:41 Watch Tower
08:19 Fortress
10:42 Orc Burrow
12:01 Watch Tower
12:07 Watch Tower
12:18 Watch Tower
13:11 Watch Tower
13:15 Watch Tower
14:04 Great Hall
14:07 Watch Tower
14:08 Watch Tower
15:04 Orc Burrow
16:56 Watch Tower
20:43 Orc Burrow
22:30 Great Hall
22:37 Watch Tower
22:38 Watch Tower
22:39 Watch Tower
22:40 Watch Tower
22:41 Watch Tower
22:42 Watch Tower
22:42 Watch Tower
22:43 Watch Tower
23:18 Watch Tower
23:19 Watch Tower
24:03 Orc Burrow
24:08 Voodoo Lounge
26:44 Beastiary
29:48 Watch Tower
30:08 Barracks
30:09 Watch Tower
» items
| Lesser Clarity Potion | 8 | |
| Scroll of Speed | 1 | |
| Healing Salve | 4 | |
| Staff of Teleportation | 2 | |
| Boots of Speed | 2 | |
| Dust of Appearance | 1 | |
| Orb of Lightning | 2 | |
| Potion of Healing | 6 | |
| Potion of Mana | 4 | |
| Periapt of Vitality | 1 | |
| Scroll of Town Portal | 1 | |
| Potion of Lesser Invulnerability | 1 | |
| Potion of Invisibility | 1 | |
34 total
Chat log
(28:58 / All) Boogaloo_Shrimp: lol
(30:16 / All) Boogaloo_Shrimp: must be out of gold
(30:20 / All) Boogaloo_Shrimp: plug pulling
(31:01 / All) Boogaloo_Shrimp: LOL
(31:03 / All) Boogaloo_Shrimp: MUST
(31:05 / All) Boogaloo_Shrimp: DESTROY
(31:06 / All) Boogaloo_Shrimp: OWN
(31:07 / All) Boogaloo_Shrimp: ALTAR
(31:18 / All) Boogaloo_Shrimp: so mad you cant leave? :)
(31:40 / All) Boogaloo_Shrimp: how the hell are you over 50%?